 Dungeon Crawl Stone Soup version 0.31-a0-188-g5e087ee2ca (webtiles) character file.

Game seed: 8859132009796087467

34 qw the Shooter (level 3, 0/18 (20) HPs)
             Began as a Deep Elf Hunter on June 23, 2023.
             Slain by Terence
             ... wielding a +4 flail of draining
              (9 damage)
             ... on level 2 of the Dungeon.
             The game lasted 00:00:18 (730 turns).

qw the Shooter (Deep Elf Hunter)                     Turns: 730, Time: 00:00:18

HP:   0/18 (20)     AC:  5    Str: 10    XL:     3   Next: 14%
MP:   5/5           EV: 11    Int: 13    God:
Gold: 77            SH:  0    Dex: 18    Spells: 2/2 levels left

rFire   . . .        Y - +0 shortbow
rCold   . . .        (shield currently unavailable)
rNeg    . . .        l - +0 ring mail
rPois   .            (no helmet)
rElec   .            (no cloak)
rCorr   .            (no gloves)
SInv    .            (no boots)
Will    .....        d - amulet of the acrobat
Stlth   +            (no ring)
HPRegen 0.23/turn    (no ring)
MPRegen 0.09/turn

%: acrobat
@: heavily drained
A: no striking features
a: no special abilities


You were on level 2 of the Dungeon.
You visited 1 branch of the dungeon, and saw 2 of its levels.

You collected 77 gold pieces.


   Skills:
 - Level 1.5 Fighting
 + Level 6.7 Ranged Weapons
 - Level 2.4 Dodging
 - Level 1.2 Stealth


You had 2 spell levels left.
You didn't know any spells.
Your spell library was empty.

Inventory:

Hand Weapons
 Y - a +0 shortbow (weapon)
Armour
 l - a +0 ring mail (worn)
Jewellery
 d - an amulet of the acrobat (around neck)
Scrolls
 f - 2 scrolls of identify
Potions
 g - a potion of curing
 h - a potion of cancellation {unknown}
 i - a potion of degeneration {unknown}

Dungeon Overview and Level Annotations

Branches:
Dungeon (2/15)

Altars:

Annotations:
D:2 Terence


Message History

You shoot an arrow.
The arrow hits the dart slug but does no damage.
The dart slug is moderately wounded.
You shoot an arrow. The arrow hits the dart slug.
The dart slug is heavily wounded.
The dart slug launches a dart at you. The slug dart hits you.
713 ||| FLEEEEING.
The dart slug launches a dart at you. The slug dart misses you.
714 ||| FLEEEEING.
715 ||| FLEEEEING.
716 ||| STILL FLEEEEING.
717 ||| FLEEEEING.
You start resting.
A dart slug is nearby!
You shoot an arrow. The arrow hits the dart slug!
You kill the dart slug!
You start resting.
HP restored.
Terence the Incautious comes into view.
He is wielding a +4 flail of draining.
You shoot an arrow. The arrow hits Terence.
Terence shouts!
Terence is lightly wounded.
You shoot an arrow.
The arrow hits Terence but does no damage.
Terence is lightly wounded.
You shoot an arrow. The arrow hits Terence!
Terence is heavily wounded.
You shoot an arrow. The arrow barely misses Terence.
Terence hits you with a +4 flail of draining!
Ouch! That really hurt!
You feel drained. Terence misses you.
You shoot an arrow.
The arrow hits Terence but does no damage.
Terence is heavily wounded.
Terence shouts, "Get ready for death!"
Terence hits you with a +4 flail of draining!
Ouch! That really hurt!
You die...

#... #%.# .#
#..##.# #...#.#
#.#.#.# #...#.#
#..##.#
...#######..##.#
......@@##.....#
....###.....####
. #.#####
#.###.# #...<.#
#######


You could see Terence.

Vanquished Creatures
  2 dart slugs
  5 ball pythons (D:1)
  A bat (D:1)
  2 endoplasms (D:1)
  A giant cockroach (D:1)
  4 hobgoblins (D:1)
  A quokka (D:1)
  2 frilled lizards (D:1)
  5 kobolds (D:1)
  5 rats (D:1)
28 creatures vanquished.

Notes
Turn   | Place    | Note
-------+----------+-------------------------------------------
     0 | D:1      | qw the Deep Elf Hunter began the quest for the Orb.
     0 | D:1      | Reached XP level 1. HP: 12/12 MP: 3/3
     0 | D:1      | 0 ||| qw: Version: 0.3-a-9-g12657ce
     0 | D:1      | 0 ||| qw: Game counter: 4038
     0 | D:1      | 0 ||| qw: Always use a shield: true
     0 | D:1      | 0 ||| qw: God list: Okawaru
     0 | D:1      | 0 ||| qw: Allow faded altars: false
     0 | D:1      | 0 ||| qw: Do Orc after D:15 true
     0 | D:1      | 0 ||| qw: Do second Lair branch before Depths: true
     0 | D:1      | 0 ||| qw: Lair rune preference: random
     0 | D:1      | 0 ||| qw: Plans: Normal
     0 | D:1      | 0 ||| PLANNING D:1-11
   215 | D:1      | Reached skill level 6 in Ranged Weapons
   215 | D:1      | Reached XP level 2. HP: 16/16 MP: 4/4
   489 | D:1      | Reached XP level 3. HP: 20/20 MP: 5/5
   633 | D:1      | 633 ||| UPGRADING to +0 ring mail.
   643 | D:1      | 643 ||| DROPPING +0 leather armour.
   644 | D:1      | 644 ||| UPGRADING to amulet of the acrobat.
   649 | D:1      | 649 ||| READING scroll labelled AKHLOW PUGIR.
   650 | D:1      | 650 ||| READING 2 scrolls labelled KIHYRGH MACO.
   651 | D:1      | 651 ||| READING scroll labelled XEFEMI TOTA.
   652 | D:1      | 652 ||| READING scroll labelled WUAN URE RILUS.
   653 | D:1      | 653 ||| DRINKING 2 fuming blue potions.
   654 | D:1      | 654 ||| DROPPING scroll of butterflies.
   713 | D:2      | 713 ||| FLEEEEING.
   714 | D:2      | 714 ||| FLEEEEING.
   715 | D:2      | 715 ||| FLEEEEING.
   717 | D:2      | 717 ||| FLEEEEING.
   725 | D:2      | Noticed Terence
   730 | D:2      | Slain by Terence

Levels and vault maps discovered:
D:1:      kennysheep_arrival_forest, layout_basic, minmay_nonomino_d4
D:2:      layout_loops_corners, uniq_terence

Skill      XL: |  1 |
---------------+----+-----
Ranged Weapons | 6 |  6.7
Fighting       | |  1.5
Dodging        | |  2.4
Stealth        | |  1.2

Action                     || total
---------------------------++-------
   Fire: Shortbow          ||    55
    Use: Scroll            ||     4
         Potion            ||     1
 Armour: Leather armour    ||     1
  Dodge: Dodged            ||     4

Table legend:
 A = Non-vault XP
 B = Vault XP
 C = Vault XP percentage of total XP
 D = Non-vault monster count
 E = Vault monster count
 F = Vault count percentage of total count
                 A         B        C        D         E       F
            +---------+---------+-------+---------+---------+-------
      Total |      41 |       8 |  16.3 |      22 |       6 |  21.4
            +---------+---------+-------+---------+---------+-------
        D:1 |      37 |       8 |  17.8 |      21 |       6 |  22.2
        D:2 |       4 |       0 |   0.0 |       1 |       0 |   0.0
            +---------+---------+-------+---------+---------+-------
